 Dungeon Crawl Stone Soup version 0.18-a0-750-g37044d6 (webtiles) character file.

31366 Duffy the Severer (level 13, -1/123 HPs)
             Began as a Deep Dwarf Gladiator on Dec 12, 2015.
             Was a High Priest of Makhleb.
             Slain by a 19-headed hydra (5 damage)
             ... on level 12 of the Dungeon.
             The game lasted 00:29:44 (12827 turns).

Duffy the Severer (Deep Dwarf Gladiator)           Turns: 12827, Time: 00:29:44

Health: -1/123     AC: 26    Str: 18    XL:     13   Next: 25%
Magic:  13/13      EV: 11    Int: 16    God:    Makhleb [*****.]
Gold:   1051       SH:  0    Dex: 20    Spells: 0 memorised, 12 levels left

rFire  + . .     SeeInvis +     C - +2 battleaxe
rCold  x . .     Clarity  .     b - +0 plate armour
rNeg   . . .     SustAt   .     (shield currently unavailable)
rPois  .         Gourm    .     w - +2 helmet
rElec  .         Spirit   .     V - +2 cloak of Follow the Leader {Str-2 Int+5 Dex+5}
rCorr  .         Dismiss  .     g - +2 pair of gloves
rMut   .         Stasis   .     T - +0 pair of boots
MR     +....                    (no amulet)
Stlth  ..........               X - ring of fire
                                s - ring of see invisible

@: non-regenerating, somewhat resistant to hostile enchantments, extremely
unstealthy
A: damage resistance, recharge devices, talons 1, sense surroundings 2, slow
regeneration 3
a: Device Recharging, Minor Destruction, Lesser Servant of Makhleb, Major
Destruction, Greater Servant of Makhleb, Renounce Religion


You were on level 12 of the Dungeon.
You worshipped Makhleb.
Makhleb was extremely pleased with you.
You were hungry.

You visited 3 branches of the dungeon, and saw 19 of its levels.
You also visited: Labyrinth.

You collected 1272 gold pieces.
You spent 221 gold pieces at shops.


Innate Abilities, Weirdness & Mutations

You are resistant to damage.
You can recharge devices by infusing magical energy.
You passively map the area around you.
You do not regenerate naturally.
You have sharp toenails.


   Skills:
 + Level 9.8 Fighting
 * Level 16.6 Axes
 - Level 2.0 Throwing
 + Level 10.0 Armour
 + Level 8.1 Dodging
 - Level 7.6 Invocations


You had 12 spell levels left.
You didn't know any spells.

Inventory:

Hand Weapons
 C - a +2 battleaxe (weapon)
 H - a +0 blowgun
Missiles
 d - 4 throwing nets (quivered)
 i - 23 curare-tipped needles
 D - 52 poisoned needles
Armour
 a - a +1 chain mail of poison resistance
 b - a +0 plate armour (worn)
 g - a +2 pair of gloves (worn)
 w - a +2 helmet (worn)
 y - a +0 cloak
 T - a +0 pair of boots (worn)
 V - the +2 cloak of Follow the Leader (worn) {Str-2 Int+5 Dex+5}

   It affects your strength (-2).
   It affects your intelligence (+5).
   It affects your dexterity (+5).
Jewellery
 l - an uncursed ring of ice
 s - a ring of see invisible (left hand)
 I - an uncursed ring of wizardry
 L - an uncursed ring of magical power
 N - an uncursed ring of sustain attributes
 S - an uncursed amulet of dismissal
 X - a ring of fire (right hand)
Wands
 e - a wand of heal wounds (4)
 r - a wand of fire (8)
 v - a wand of frost (7)
 z - a wand of slowing (19)
 B - a wand of draining (0)
 E - a wand of polymorph (16)
 G - a wand of enslavement (16)
 P - a wand of random effects (24)
 Y - a wand of digging (14)
Scrolls
 h - 3 scrolls of teleportation
 j - 6 scrolls of enchant weapon
 q - 5 scrolls of remove curse
 A - 3 scrolls of immolation
 J - 2 scrolls of fear
 O - 2 scrolls of fog
 W - a scroll of blinking
Potions
 c - 3 potions of haste
 k - 2 potions of resistance
 m - 5 potions of curing
 n - 2 potions of ambrosia
 o - 3 potions of flight
 p - a potion of berserk rage
 t - 2 potions of brilliance
 x - 2 potions of cancellation {unknown}
 F - 2 potions of magic
 K - 2 potions of might
 Q - 2 potions of invisibility
Comestibles
 f - 12 bread rations
 u - a slice of pizza
 R - 4 meat rations
 U - 4 beef jerkies

Dungeon Overview and Level Annotations

Branches:
Dungeon (12/15)            Temple (1/1) D:7            Lair (6/8) D:10
  Snake (0/4) Lair:6          Orc (0/4) D:9
  Swamp: Lair:3-6    Shoals: Lair:3-6     Slime: Lair:6-8

Altars:
Ashenzari
Cheibriados
Dithmenos
Elyvilon
Fedhas
Gozag
Kikubaaqudgha
Makhleb
Nemelex Xobeh
Okawaru
Pakellas
Qazlal
Ru
Sif Muna
Trog
Vehumet
Xom
Yredelemnul
Zin
The Shining One

Shops:
D:5 ![

Portals:
Trove: D:11 (give wand of heal wounds (8))

Annotations:
D:4 Eustachio
Lair:3 exclusion: door
Lair:4 Nergalle


Message History

The 17-headed hydra bites you but does no damage.
The 17-headed hydra barely misses you. The 17-headed hydra bites you.
The 17-headed hydra barely misses you. The 17-headed hydra bites you.
The 17-headed hydra bites you!
The 17-headed hydra completely misses you.
The 17-headed hydra bites you but does no damage.
The 17-headed hydra closely misses you.
The 17-headed hydra bites you but does no damage.
You slice one of the 17-headed hydra's heads off!
The 16-headed hydra grows two more!
You hit the 18-headed hydra.
The 18-headed hydra is moderately wounded.
The 18-headed hydra bites you but does no damage. x2
The 18-headed hydra barely misses you. The 18-headed hydra bites you.
The 18-headed hydra bites you. The 18-headed hydra barely misses you.
The 18-headed hydra bites you. The 18-headed hydra misses you.
The 18-headed hydra bites you but does no damage. x5
The 18-headed hydra bites you!
The 18-headed hydra bites you but does no damage.
The 18-headed hydra bites you! The 18-headed hydra barely misses you.
The 18-headed hydra bites you!
You lop one of the 18-headed hydra's heads off!
The 17-headed hydra grows two more!
You slash the 19-headed hydra!
The 19-headed hydra is moderately wounded.
The 19-headed hydra bites you.
The 19-headed hydra bites you but does no damage. x4
The 19-headed hydra bites you.
The 19-headed hydra bites you but does no damage. x2
The 19-headed hydra bites you.
The 19-headed hydra bites you but does no damage.
The 19-headed hydra closely misses you.
The 19-headed hydra bites you but does no damage.
The 19-headed hydra barely misses you.
The 19-headed hydra bites you but does no damage. x2
The 19-headed hydra bites you!
You die...

.......................
.......................
.....>.................
.......................
..............)........*
..#########.))..#######
..#.......#..().#.....#
..#.......#.....#.....#
..#.......#..(..@D....#
..#.......#.(...#.....#
..#.......#%....#.....#
..##'###+##.....#.....#
###...#.........#######
......#.........#
...>..'.........#
......#.........#
......#........[#


You could see a 19-headed hydra.

Action                   |  1- 3 |  4- 6 |  7- 9 | 10-12 | 13-15 || total
-------------------------+-------+-------+-------+-------+-------++-------
Melee: War axe           |    84 |   146 |   478 |   139 |       ||   847
       Battleaxe         |       |       |       |   619 |   232 ||   851
 Fire: Blowgun           |       |       |       |    10 |       ||    10
Invok: Lesser Servant of |       |       |       |    13 |       ||    13
 Abil: Device Recharging |       |     1 |     1 |     3 |       ||     5
Evoke: Wand              |     3 |     3 |    14 |    18 |       ||    38
  Use: Scroll            |       |       |    18 |    13 |     2 ||    33
       Potion            |       |       |     6 |     8 |       ||    14
 Stab: Distracted        |       |       |       |     2 |       ||     2
  Eat: Chunk             |       |     5 |     9 |    18 |     5 ||    37
       Beef jerky        |       |       |     2 |       |       ||     2
       Pizza             |       |       |       |     2 |       ||     2
       Fruit             |       |       |       |     5 |       ||     5

Notes
Turn   | Place    | Note
--------------------------------------------------------------
     0 | D:1      | Duffy the Deep Dwarf Gladiator began the quest for the Orb.
     0 | D:1      | Reached XP level 1. HP: 19/19 MP: 1/1
     9 | D:1      | Reached skill level 2 in Throwing
   100 | D:1      | Reached XP level 2. HP: 16/26 MP: 2/2
   170 | D:1      | Reached skill level 4 in Axes
   519 | D:1      | Reached XP level 3. HP: 28/32 MP: 3/3
   814 | D:2      | Found a deep blue altar of Sif Muna.
   816 | D:2      | Found a radiant altar of Vehumet.
   816 | D:2      | Found an ancient bone altar of Kikubaaqudgha.
   821 | D:2      | Identified Sif Muna's Guide on Translocation (You found it on level 2 of the Dungeon)
   830 | D:2      | Identified Vehumet's Volume of Arcane Weapons (You found it on level 2 of the Dungeon)
   842 | D:2      | Identified Kikubaaqudgha's Catalogue of Sinister Rites (You found it on level 2 of the Dungeon)
  1011 | D:2      | Reached skill level 5 in Axes
  1070 | D:3      | Noticed Duffy's ghost (amateur DDGl)
  1117 | D:3      | Killed Duffy's ghost
  1117 | D:3      | Reached skill level 6 in Axes
  1117 | D:3      | Reached XP level 4. HP: 21/39 MP: 4/4
  1117 | D:3      | Reached XP level 5. HP: 24/45 MP: 5/5
  1229 | D:3      | Reached skill level 1 in Armour
  1503 | D:3      | Reached skill level 7 in Axes
  1503 | D:3      | Reached XP level 6. HP: 23/52 MP: 6/6
  1521 | D:3      | Reached skill level 2 in Armour
  1766 | D:4      | Noticed Scarn's ghost (amateur VSSk)
  1775 | D:4      | Killed Scarn's ghost
  1808 | D:4      | Reached skill level 3 in Armour
  2217 | D:5      | Entered Level 5 of the Dungeon
  2239 | D:5      | Reached XP level 7. HP: 52/58 MP: 6/6
  2245 | D:5      | Reached skill level 8 in Axes
  2245 | D:5      | Reached skill level 4 in Armour
  2268 | D:5      | Noticed Eustachio
  2462 | D:5      | Found Giuck's Distillery.
  2473 | D:5      | Bought a potion of heal wounds for 75 gold pieces
  2473 | D:5      | Bought a potion of mutation for 37 gold pieces
  2473 | D:5      | Bought a potion of curing for 45 gold pieces
  2473 | D:5      | Bought a potion of degeneration for 15 gold pieces
  2524 | D:5      | Found Plog's Armour Emporium.
  2532 | D:5      | Bought a +0 pair of gloves for 49 gold pieces
  2627 | D:5      | Found an opulent altar of Gozag.
  2958 | D:6      | Reached skill level 5 in Armour
  3099 | D:6      | Reached skill level 9 in Axes
  3099 | D:6      | Reached XP level 8. HP: 26/66 MP: 7/7
  3196 | D:6      | Reached skill level 6 in Armour
  3331 | D:6      | Reached skill level 10 in Axes
  3331 | D:6      | Reached skill level 7 in Armour
  3772 | D:7      | Reached skill level 2 in Fighting
  3925 | D:7      | Found a staircase to the Ecumenical Temple.
  3936 | Temple   | Entered the Ecumenical Temple
  4052 | Temple   | Became a worshipper of Makhleb the Destroyer
  4086 | D:7      | Reached skill level 3 in Fighting
  4086 | D:7      | Gained mutation: You passively map the area around you. [Deep Dwarf growth]
  4086 | D:7      | Reached XP level 9. HP: 40/75 MP: 7/7
  4744 | D:7      | Reached skill level 4 in Fighting
  4813 | D:8      | Reached * piety under Makhleb
  4988 | D:8      | Reached skill level 11 in Axes
  5376 | D:8      | Reached skill level 5 in Fighting
  5451 | D:8      | Found an oddly glowing altar of Pakellas.
  5453 | D:8      | Found a glowing silver altar of Zin.
  5455 | D:8      | Found a shadowy altar of Dithmenos.
  5457 | D:8      | Found a blossoming altar of Fedhas.
  5458 | D:8      | Found a snail-covered altar of Cheibriados.
  5576 | D:8      | Reached ** piety under Makhleb
  5798 | D:9      | Found a staircase to the Orcish Mines.
  5803 | D:10     | Entered Level 10 of the Dungeon
  5841 | D:9      | Reached skill level 12 in Axes
  5843 | D:9      | Reached skill level 6 in Fighting
  6001 | D:9      | Reached XP level 10. HP: 68/91 MP: 8/8
  6221 | D:9      | Reached *** piety under Makhleb
  6302 | D:9      | Reached skill level 7 in Fighting
  6751 | D:10     | Noticed a seven-headed hydra
  6842 | D:10     | Found a staircase to the Lair.
  6929 | D:10     | Reached skill level 1 in Invocations
  6944 | D:10     | Reached skill level 13 in Axes
  6953 | D:10     | Reached skill level 2 in Invocations
  7077 | D:10     | Reached skill level 3 in Invocations
  7092 | D:10     | Noticed Inquiry's ghost (novice DsFi)
  7114 | Lair:1   | Entered Level 1 of the Lair of Beasts
  7119 | Lair:1   | Reached skill level 4 in Invocations
  7152 | Lair:1   | Noticed an eight-headed hydra
  7169 | Lair:1   | Killed an eight-headed hydra
  7169 | Lair:1   | Reached skill level 5 in Invocations
  7223 | Lair:1   | Reached XP level 11. HP: 36/100 MP: 13/13
  7230 | Lair:1   | Reached skill level 6 in Invocations
  7334 | Lair:1   | Found a labyrinth entrance.
  7344 | Lab      | Entered a labyrinth
  7433 | Lab      | Reached skill level 7 in Invocations
  7453 | Lab      | Noticed a minotaur
  7477 | Lab      | Killed a minotaur
  7477 | Lab      | Reached skill level 14 in Axes
  7501 | Lab      | Got a jewelled cloak
  7507 | Lab      | Identified the +2 cloak of Follow the Leader {Str-2 Int+5 Dex+5} (You found it in a labyrinth)
  7509 | Lab      | Identified the Incunabulum of Lucky Translocation (You found it in a labyrinth)
  7512 | Lab      | Identified the Reference Book on Shifting Earth (You found it in a labyrinth)
  7523 | Lab      | Identified the Compendium of Destructive Curses (You found it in a labyrinth)
  7532 | Lab      | Identified the Tome of the Supportive Compass (You found it in a labyrinth)
  8251 | Lair:2   | Reached skill level 4 in Dodging
  8266 | Lair:2   | Reached **** piety under Makhleb
  8620 | Lair:2   | Reached skill level 8 in Fighting
  8952 | Lair:3   | Noticed a six-headed hydra
  9231 | Lair:3   | Reached skill level 8 in Armour
  9231 | Lair:3   | Reached skill level 5 in Dodging
  9282 | Lair:3   | Noticed a four-headed hydra
  9337 | Lair:3   | Killed a four-headed hydra
  9358 | Lair:3   | Reached skill level 15 in Axes
  9473 | Lair:3   | Reached XP level 12. HP: 74/112 MP: 13/13
  9692 | Lair:4   | Gained mutation: You have sharp toenails. [potion of beneficial mutation]
 10112 | Lair:4   | Reached ***** piety under Makhleb
 10311 | Lair:4   | Noticed Nergalle
 10472 | Lair:5   | Reached skill level 6 in Dodging
 10481 | Lair:5   | Reached skill level 9 in Armour
 10485 | Lair:5   | Reached skill level 9 in Fighting
 10629 | Lair:5   | Noticed a catoblepas
 10698 | Lair:5   | Killed a catoblepas
 10795 | Lair:6   | Reached skill level 7 in Dodging
 10850 | Lair:6   | Reached skill level 16 in Axes
 10944 | Lair:6   | Noticed Nessos
 10954 | Lair:6   | Killed Nessos
 10980 | Lair:6   | Found a staircase to the Snake Pit.
 11013 | Lair:6   | Noticed a seven-headed hydra
 11021 | Lair:6   | Killed a ten-headed hydra
 11308 | Lair:6   | Reached XP level 13. HP: 121/121 MP: 13/13
 11841 | D:10     | Killed Inquiry's ghost
 12035 | D:11     | Found a portal to a secret trove of treasure.
 12186 | D:11     | Reached skill level 8 in Dodging
 12264 | D:11     | Reached skill level 10 in Armour
 12827 | D:12     | Slain by a 19-headed hydra

Vault maps used:
D:1:      dpeg_arrival_stonehenge_12_columns, serial_bayou_pond_e
D:2:      grunt_temple_overflow_magic_moments, minmay_misc_feat_columns
D:4:      serial_glass, glass_columns_c, glass_columns_c, item_on_display_a,
          minmay_strange_pillars, item_on_display_b
D:5:      serial_shops, shop, shop_coins, first_bread, grunt_gozag_statues,
          uniq_eustachio
D:6:      minivault_10, amethyst_killhole
D:7:      temple_fountains
D:8:      grunt_temple_overflow_open
D:9:      david_orc_3
D:10:     lair_0_dummy, the_bakery, kennysheep_boxes
D:11:     enter_trove_5
Temple:   water_room_temple_b_12
Lair:1:   lab_entry_generic, grunt_megastairs_3
Lair:2:   serial_bayou_lagoon_a
Lair:3:   minmay_shoals_entry_hut, beast_lair_carwin_7
Lair:4:   pond_and_an_island_with_a_cottage, serial_bayou_shore_b,
          infiniplex_staircase_pool_2, uniq_nergalle
Lair:5:   lemuel_fruit_fields, serial_bayou_shore_a
Lair:6:   minmay_lair_venomous_thicket, dummy_snake_entry, uniq_nessos
Lab:      nicolae_lab_dead_adventurers, nicolae_lab_hexagon,
          nicolae_lab_flowing_pool, labyrinth_glass_1, labyrinth_lava_lair,
          nicolae_lab_x, nicolae_lab_blocks, nicolae_lab_diamond,
          nicolae_lab_lava, lab_statue, labyrinth_skeletal_remains,
          nicolae_lab_plus

Vanquished Creatures
  Nessos
  A minotaur
  A vault guard
  A catoblepas
  3 hydras
  6 death yaks
  The ghost of Inquiry the Chopper, a novice DsFi of Cheibriados
  A lindwurm
  A hill giant
  A griffon
  A centaur zombie
  A black mamba
  3 gargoyles
  2 komodo dragons
  6 spiny frogs
  2 trolls
  A two-headed ogre
  A trapdoor spider zombie
  13 blink frogs
  A boulder beetle
  A spriggan
  A wyvern
  27 yaks
  A steam dragon
  The ghost of Duffy the Chopper, an amateur DDGl
  A wraith
  2 basilisks
  6 hippogriffs
  3 vampire mosquitoes
  A hungry ghost
  8 water moccasins
  3 wolves
  3 ice beasts
  2 wasps
  5 porcupines
  4 phantoms
  4 black bears
  A necrophage
  A centaur
  6 orc warriors
  6 ogres
  5 crocodiles
  26 giant frogs
  The ghost of Scarn the Charmwright, an amateur VSSk
  A wyvern zombie
  A big kobold
  A wyvern skeleton
  3 scorpions
  9 wights
  4 electric eels
  4 killer bees
  A crimson imp
  3 giant frog zombies
  4 jellies
  3 iguanas
  8 orc priests
  3 hounds
  11 orc wizards
  A giant frog skeleton
  7 worker ants
  A hound skeleton
  4 worker ant zombies
  20 adders
  36 river rats
  2 shadow imps
  2 oozes
  2 worms
  An adder skeleton
  3 giant geckos
  50 orcs
  10 hobgoblins
  4 jackals
  11 kobolds
  5 quokkas
  2 ball pythons
  5 bats
  7 giant cockroaches
  A giant gecko zombie
  5 giant newts
  5 goblins
  A jackal skeleton
  A jackal zombie
  A quokka skeleton
  6 rats
  A butterfly
  17 fungi
  5 plants
439 creatures vanquished.
